 Dungeon Crawl Stone Soup version 0.29-a0-111-gbaf749a769 (webtiles) character file.

Game seed: 8187169846365440360

509 dracfodder the Skirmisher (level 7, 0/44 HPs)
             Began as a Gargoyle Berserker on Feb 17, 2022.
             Was a Believer of Trog.
             Slain by Menkaure (7 damage)
             ... on level 4 of the Dungeon.
             The game lasted 00:08:28 (3529 turns).

dracfodder the Skirmisher (Gargoyle Berserker)      Turns: 3529, Time: 00:08:28

Health: 0/44       AC: 17    Str: 22    XL:     7   Next: 19%
Magic:  7/7        EV:  8    Int:  8    God:    Trog [**....]
Gold:   206        SH:  0    Dex:  9    Spells: 6/6 levels left

rFire   . . .      SeeInvis .   f - +0 war axe
rCold   . . .      Faith    .   (no shield)
rNeg    + . .      Spirit   .   b - +0 shadow dragon scales
rPois   ∞          Reflect  .   (no helmet)
rElec   +          Harm     .   (no cloak)
rCorr   +          Rampage  .   o - +0 pair of gloves
Will    ++...                   (no boots)
Stlth   +++.......              (no amulet)
HPRegen 1.14/turn               l - ring of resist corrosion
MPRegen 0.10/turn               (no ring)

@: strong-willed, regenerating
A: sickness immunity, AC +4, negative energy resistance 1, electricity
resistance, torment resistance 1, petrification resistance
a: Renounce Religion, Berserk, Trog's Hand


You were on level 4 of the Dungeon.
You worshipped Trog.
Trog was pleased with you.
You visited 1 branch of the dungeon, and saw 4 of its levels.

You collected 206 gold pieces.

Inventory:

Hand Weapons
 a - a +0 mace
 f - a +0 war axe (weapon)
Missiles
 c - 151 stones (quivered)
 e - 77 arrows
 g - 37 bolts
 j - 23 sling bullets
 s - 3 javelins
Armour
 b - +0 shadow dragon scales (worn)
 o - a +0 pair of gloves (worn)
Jewellery
 l - a ring of resist corrosion (left hand)
Wands
 h - a wand of flame (16)
Scrolls
 p - a scroll of magic mapping
 q - a scroll of vulnerability {unknown}
 u - a scroll of teleportation
Potions
 d - 5 potions of curing
 i - a potion of attraction {unknown}
 k - a potion of invisibility {unknown}
 m - a potion of degeneration {unknown}
 n - a potion of cancellation {unknown}
 r - a potion of heal wounds {unknown}
 t - 2 potions of magic {unknown}


   Skills:
 * Level 5.2 Fighting
 + Level 3.8(4.5) Axes
 + Level 3.9(4.8) Maces & Flails
 + Level 3.5 Armour
 + Level 1.9 Dodging
 + Level 2.0 Stealth


You had 6 spell levels left.
You didn't know any spells.
Your spell library was empty.

Dungeon Overview and Level Annotations

Branches:
Dungeon (4/15)
 Temple: D:4-7

Altars:
Nemelex Xobeh
The Shining One

Annotations:
D:4 Menkaure


Innate Abilities, Weirdness & Mutations

You are immune to sickness and miasma.
Your stone body is resilient. (AC +4)
You are immune to poison.
You resist negative energy. (rN+)
You are resistant to electric shocks. (rElec)
You are resistant to unholy torment.
You are immune to petrification.


Message History

The orc hits you but does no damage. The orc hits you with a +0 hand axe.
You closely miss the orc.
The orc is moderately wounded.
You barely miss the orc. The orc hits you but does no damage. x2
You barely miss the orc. You punch the orc, but do no damage.
The orc is moderately wounded.
You barely miss the orc. The orc hits you but does no damage.
The orc closely misses you.
You slash the orc!
You kill the orc!
Trog accepts your kill.
You hit Menkaure. You hit the orc. The orc barely misses you.
Menkaure's bandages flutter.
Menkaure hits you!
You completely miss Menkaure.
Menkaure is lightly damaged.
You slash the orc!
You kill the orc!
Trog accepts your kill. Menkaure closely misses you.
You hit Menkaure.
Menkaure is lightly damaged.
Menkaure barely misses you.
You slash Menkaure!
Menkaure is almost destroyed.
Menkaure hits you.
You are too injured to fight recklessly!
You are too injured to fight recklessly!
You are too injured to fight recklessly!
You are too injured to fight recklessly!
You are too injured to fight recklessly!
You are too injured to fight recklessly!
Your skin crawls.
You feel strong-willed. Menkaure hits you!
* * * LOW HITPOINT WARNING * * *
You hit Menkaure but do no damage.
Menkaure is almost destroyed.
Menkaure hits you!
You die...

.....# ##.#)# #......#
...#.# ###......# #..#.#
#........# #..#.#
#(.......# .#
#..#.#####........####.#
#..#..........(.....#..#
#..#...........))......#
#..#...........)@M..#
.........)..........+
...........####.....#
#.#.......... #.....#
#.#.######.#. #.....#
#.#.# #.#.##.....# #.#.#
#.#........+
#.#.######.#######.##
#.#..........#####.##


You could see Menkaure.

Vanquished Creatures
  Grinder (D:4)
  The ghost of snaxamus the Slasher, an amateur DsGl of Nemelex Xobeh (D:3)
  A centaur (D:3)
  Ijyb (D:3)
  An orc wizard (D:4)
  6 adders
  3 worms
  A dart slug (D:2)
  3 orcs (D:4)
  7 endoplasms
  3 giant cockroaches
  8 hobgoblins
  2 jackals (D:4)
  5 ball pythons
  4 bats
  4 frilled lizards
  6 goblins
  3 kobolds
  5 rats
65 creatures vanquished.

Notes
Turn   | Place    | Note
-------+----------+-------------------------------------------
     0 | D:1      | dracfodder the Gargoyle Berserker began the quest for the
                  | Orb.
     0 | D:1      | Reached XP level 1. HP: 14/14 MP: 1/1
   176 | D:1      | Reached XP level 2. HP: 16/19 MP: 2/2
   721 | D:2      | Reached XP level 3. HP: 24/24 MP: 3/3
   766 | D:2      | Reached ** piety under Trog
   884 | D:2      | Reached skill level 4 in Fighting
  1178 | D:2      | Reached XP level 4. HP: 29/29 MP: 4/4
  1363 | D:2      | Found a sparkling altar of Nemelex Xobeh.
  1614 | D:3      | Found a glowing golden altar of the Shining One.
  1614 | D:3      | Found a runed translucent door.
  1614 | D:3      | Noticed snaxamus's ghost (amateur DsGl)
  1647 | D:3      | Found a faded altar of an unknown god.
  1963 | D:3      | Noticed a centaur
  1973 | D:3      | Killed a centaur
  1974 | D:3      | Reached skill level 1 in Axes
  1974 | D:3      | Reached skill level 1 in Stealth
  1974 | D:3      | Reached XP level 5. HP: 14/34 MP: 5/5
  2214 | D:3      | Noticed Ijyb
  2225 | D:3      | Killed Ijyb
  2870 | D:3      | Killed snaxamus's ghost
  2871 | D:3      | Reached XP level 6. HP: 40/40 MP: 6/6
  3149 | D:4      | Noticed Grinder
  3161 | D:4      | Killed Grinder
  3162 | D:4      | Reached skill level 5 in Fighting
  3162 | D:4      | Reached XP level 7. HP: 25/44 MP: 7/7
  3517 | D:4      | Noticed Menkaure
  3529 | D:4      | Slain by Menkaure

Illustrated notes

Levels and vault maps discovered:
D:1:      lightli_arrival_statue_moat, layout_rooms
D:2:      layout_loops_ring, basic_altar
D:3:      layout_loops_ring, lemuel_doored_altar,
          shapermc_ecumenical_altar_venn, gammafunk_ghost_grave, uniq_ijyb
D:4:      layout_basic, nrook_mini_vaults, uniq_natasha, uniq_grinder,
          uniq_menkaure

Skill      XL: |  1  2  3  4  5  6 |
---------------+-------------------+-----
Fighting       | 4 5 |  5.2
Axes           | 1 2 3 |  3.8
Stealth        | 1 2 |  2.0
Armour         | 3 |  3.5
Maces & Flails | |  3.9
Dodging        | |  1.9

Action                   |  1- 3 |  4- 6 |  7- 9 || total
-------------------------+-------+-------+-------++-------
Melee: Mace              |    78 |       |       ||    78
       War axe           |    22 |    76 |    20 ||   118
       Punch             |     1 |     1 |     1 ||     3
Invok: Berserk           |       |     2 |       ||     2
       Trog's Hand       |       |       |     1 ||     1
  Use: Scroll            |     3 |     3 |       ||     6
 Stab: Sleeping          |     5 |     2 |     1 ||     8
Armor: Shadow dragon sca |    56 |    41 |    14 ||   111
       Animal skin       |     1 |       |       ||     1
Dodge: Dodged            |    44 |    35 |    12 ||    91

Table legend: (Time is in decaauts)
 A = Elapsed time spent in this place.
 B = Non-inter-level travel time spent in this place.
 C = Inter-level travel time spent in this place.
 D = Time resting spent in this place.
 E = Time spent auto-exploring this place.
 F = Levels seen in this place.
 G = Mean time per level.
                   A        B        C        D        E       F      G
               +--------+--------+--------+--------+--------+-----+--------+
         Total |   3602 |   3521 |     81 |    635 |   2227 |   4 |  900.5 |
       Dungeon |   3602 |   3521 |     81 |    635 |   2227 |   4 |  900.5 |
               +--------+--------+--------+--------+--------+-----+--------+

Top non-repeatable levels by time:
     D:3: 1451 daAuts
     D:2: 990 daAuts
     D:1: 600 daAuts
     D:4: 560 daAuts
